 Dungeon Crawl Stone Soup version 0.23-a0-839-g6d2b917 (console) character file.

6 Duffy the Skirmisher (level 1, -3/21 HPs)
             Began as a Naga Fighter on Jan 25, 2019.
             Slain by a worm (7 damage)
             ... on level 3 of the Dungeon.
             The game lasted 00:00:23 (837 turns).

Duffy the Skirmisher (Naga Fighter)                  Turns: 837, Time: 00:00:24

Health: -3/21      AC:  3    Str: 18    XL:     1   Next: 90%
Magic:  1/1        EV:  5    Int:  8    God:
Gold:   30         SH:  8    Dex: 10    Spells: 0/0 levels left

rFire    . . .     SeeInvis +   g - +2 hand axe (chop)
rCold    . . .     Gourm    .   c - +0 shield
rNeg     . . .     Faith    .   b - +0 scale mail
rPois    +         Spirit   .   (no helmet)
rElec    .         Reflect  .   (no cloak)
rCorr    .         Harm     .   (no gloves)
MR       .....                  (no barding)
Stlth    ..........             (no amulet)
HPRegen  0.07/turn              (no ring)
MPRegen  0.07/turn              (no ring)

@: very slow
A: large, see invisible, deformed body, poison resistance, slowness 2, slow
metabolism 1, spit poison 1, AC +0
a: Spit Poison


You were on level 3 of the Dungeon.
You were not hungry.

You visited 1 branch of the dungeon, and saw 3 of its levels.

You collected 30 gold pieces.

Inventory:

Hand Weapons
 a - a +0 war axe
 g - a +2 hand axe of chopping (weapon)
Armour
 b - a +0 scale mail (worn)
 c - a +0 shield (worn)
Scrolls
 e - 2 scrolls of identify {unknown}
 h - a scroll of teleportation {unknown}
Potions
 d - a potion of might
Comestibles
 f - 2 rations


   Skills:
 - Level 3.0 Fighting
 + Level 2.3 Axes
 - Level 2.4 Armour
 + Level 2.6 Shields


You couldn't memorise any spells.
You didn't know any spells.
Your spell library was empty.

Dungeon Overview and Level Annotations

Branches:
Dungeon (3/15)

Altars:


Innate Abilities, Weirdness & Mutations

You cannot wear boots.
Your serpentine skin is tough. (AC +0)
You have supernaturally acute eyesight. (SInv)
Armour fits poorly on your strangely shaped body.
Your system is resistant to poisons. (rPois)
You cover ground very slowly.
You have a slow metabolism.
You can spit poison.


Message History

You are too injured to fight recklessly!
You are too injured to fight recklessly!
You are too injured to fight recklessly!
You are too injured to fight recklessly!
You are too injured to fight recklessly!
You are too injured to fight recklessly!
You are too injured to fight recklessly!
You are too injured to fight recklessly!
You are too injured to fight recklessly!
You are too injured to fight recklessly!
You are too injured to fight recklessly!
You slash the worm!
The worm is severely wounded.
You hit the worm but do no damage.
The worm is severely wounded.
You block the worm's attack.
Your scale mail prevents you from hitting the worm.
The worm is severely wounded.
The worm bites you!
You die...

#>................#.#.#.#.
##...................(.....
#.........###.####.#.#.#.#.
#.........# #.# #.#.#.#.
#.........# #.# ....#.#
#.........# #.# #.####.#
########.## #.. .. ..#
####'########### ###
#..$.@$...... #....w.######
#......# #......# #.......
#.....### #...... #.....#


You could see a worm.

Vanquished Creatures
  A dart slug (D:1)
  4 kobolds
5 creatures vanquished.

Notes
Turn   | Place    | Note
-------+----------+-------------------------------------------
     0 | D:1      | Duffy the Naga Fighter began the quest for the Orb.
     0 | D:1      | Reached XP level 1. HP: 21/21 MP: 1/1
   837 | D:3      | Slain by a worm

Vault maps used:
D:1:      dpeg_arrival_circle_labyrinth_c, serial_forest,
          infiniplex_forest_end_2, infiniplex_forest_clump_small,
          infiniplex_forest_side_room, infiniplex_forest_lined_3,
          infiniplex_forest_straight_3, infiniplex_forest_end_2,
          infiniplex_forest_lined_corner, infiniplex_forest_fountain,
          infiniplex_forest_end_3
D:2:      first_ration

Action                   || total
-------------------------++-------
Melee: Hand axe          ||    25
 Abil: Spit Poison       ||     1
Armor: Scale mail        ||     4
Dodge: Dodged            ||     3
Block: Shield            ||    10

Table legend:
 A = Non-vault XP
 B = Vault XP
 C = Vault XP percentage of total XP
 D = Non-vault monster count
 E = Vault monster count
 F = Vault count percentage of total count
                 A         B        C        D         E       F
            +---------+---------+-------+---------+---------+-------
      Total |       9 |       0 |   0.0 |       5 |       0 |   0.0
            +---------+---------+-------+---------+---------+-------
        D:1 |       4 |       0 |   0.0 |       1 |       0 |   0.0
        D:2 |       3 |       0 |   0.0 |       2 |       0 |   0.0
        D:3 |       2 |       0 |   0.0 |       2 |       0 |   0.0
            +---------+---------+-------+---------+---------+-------
